 Dungeon Sprint DCSS version 0.21-a0-216-g6d3fd91 (webtiles) character file.

340 potatolord6000 the Skirmisher (level 6, -4/81 (82) HPs)
             Began as a Demonspawn Fighter on Aug 23, 2017.
             Slain by a tyrant leech (24 damage)
             ... in the Dungeon (Sprint II: "The Violet Keep of Menkaure").
             The game lasted 00:01:19 (269 turns).

potatolord6000 the Skirmisher (Demonspawn Fighter)   Turns: 269, Time: 00:01:20

HP:   -4/81 (82)    AC:  7    Str: 23    XL:     6   Next: 30%
MP:   0/6           EV:  8    Int: 10    God:
Gold: 0             SH: 11    Dex: 12    Spells: 5/5 levels left

rFire    . . .     SeeInvis .   a - +0 long sword
rCold    . . .     Gourm    .   c - +0 shield
rNeg     . . .     Faith    .   b - +0 scale mail
rPois    .         Spirit   +   (helmet restricted)
rElec    .         Reflect  .   (no cloak)
rCorr    .         Harm     .   (no gloves)
MR       .....     NoTele   +   (no boots)
Stlth    ..........             (no amulet)
HPRegen  0.23/turn              (no ring)
MPRegen  0.10/turn              (no ring)

@: mighty, berserking (expiring), very quick
A: antennae 2, claws 1, magic shield
a: no special abilities


You were in the Dungeon.
You were not hungry.

You visited 1 branch

Inventory:

Hand Weapons
 a - a +0 long sword (weapon)
Armour
 b - a +0 scale mail (worn)
 c - a +0 shield (worn)
Scrolls
 k - a scroll of blinking
Potions
 i - 2 potions of magic
Comestibles
 f - a bread ration


   Skills:
 + Level 7.4 Fighting
 + Level 6.4 Long Blades
 + Level 6.7 Armour
 + Level 6.6 Shields


You had 5 spell levels left.
You didn't know any spells.

Dungeon Overview and Level Annotations

Branches:
Dungeon (1/1)

Altars:


Innate Abilities, Weirdness & Mutations

You have a pair of antennae on your head.
You have sharp fingernails.
When hurt, damage is shared between your health and your magic reserves.


Message History

You slash the tyrant leech!
The tyrant leech is moderately wounded.
The tyrant leech bites you!
The tyrant leech draws strength from your injuries!
You barely miss the tyrant leech.
The tyrant leech is lightly wounded.
You closely miss the tyrant leech.
The tyrant leech is lightly wounded.
The tyrant leech bites you!
* * * LOW HITPOINT WARNING * * *
The tyrant leech draws strength from your injuries!
You closely miss the tyrant leech.
The tyrant leech is lightly wounded.
The tyrant leech bites you but does no damage.
You barely miss the tyrant leech.
The tyrant leech is lightly wounded.
You slash the tyrant leech!
The tyrant leech is moderately wounded.
The tyrant leech bites you!!
You die...

{## ##
##. .##
#.. ..#
#.#.# # {
#รท# .##
##.##w..#
+.<@w#
##.##...#
{ #+# .##
# {


You could see 2 tyrant leeches.

Vanquished Creatures
  4 necrophages (D)
4 creatures vanquished.

Vanquished Creatures (others)
  A crocodile (D)
1 creature vanquished.

Grand Total: 5 creatures vanquished

Notes
Turn   | Place    | Note
-------+----------+-------------------------------------------
     0 | D        | potatolord6000 the Demonspawn Fighter began the quest for the Orb.
     0 | D        | Reached XP level 1. HP: 18/18 MP: 1/1
     1 | D        | Noticed a necrophage
     1 | D        | Noticed a necrophage
     1 | D        | Noticed a necrophage
     1 | D        | Noticed a necrophage
    25 | D        | Killed a necrophage
    25 | D        | Reached skill level 5 in Fighting
    25 | D        | Gained mutation: You have sharp fingernails. [demonic ancestry]
    25 | D        | Reached XP level 2. HP: 12/26 MP: 2/2
    25 | D        | Reached XP level 3. HP: 15/32 MP: 3/3
    25 | D        | Gained mutation: You have a pair of small antennae on your head. [demonic ancestry]
    25 | D        | Reached XP level 4. HP: 18/38 MP: 4/4
    34 | D        | Killed a crocodile
    38 | D        | Killed a necrophage
    38 | D        | Reached skill level 6 in Fighting
    38 | D        | Reached skill level 5 in Long Blades
    38 | D        | Reached skill level 5 in Armour
    38 | D        | Reached skill level 5 in Shields
    38 | D        | Gained mutation: You have a pair of antennae on your head. [demonic ancestry]
    38 | D        | Reached XP level 5. HP: 14/41 MP: 5/5
    50 | D        | Killed a necrophage
    62 | D        | Killed a necrophage
    62 | D        | Reached skill level 7 in Fighting
    62 | D        | Gained mutation: When hurt, damage is shared between your health and your magic reserves. [demonic ancestry]
    62 | D        | Reached XP level 6. HP: 19/54 MP: 6/6
   256 | D        | Noticed a tyrant leech
   256 | D        | Noticed a tyrant leech
   269 | D        | Slain by a tyrant leech

Vault maps used:
D:        the_violet_keep_of_menkaure

Skill      XL: |  1  2  3  4  5 |
---------------+----------------+-----
Fighting       | 5 6 7 |  7.4
Long Blades    | 4 5 6 |  6.4
Armour         | 4 5 6 |  6.7
Shields        | 4 5 6 |  6.6

Action                   |  1- 3 |  4- 6 || total
-------------------------+-------+-------++-------
Melee: Long sword        |    23 |    46 ||    69
  Use: Potion            |     1 |     4 ||     5
Armor: Scale mail        |     1 |    10 ||    11
Dodge: Dodged            |     6 |     6 ||    12
Block: Shield            |     9 |    16 ||    25
       Rpst.: Long sword |     2 |     1 ||     3

Table legend:
 A = Spawn XP
 B = Non-spawn XP
 C = Spawn XP percentage of total XP
 D = Spawn monster count
 E = Non-spawn monster count
 F = Spawn count percentage of total count
 G = Total turns spent on level
                    A         B        C        D         E        F      G
               +---------+---------+-------+---------+---------+-------+---------
         Total |       0 |     486 |   0.0 |       0 |       4 |   0.0 |   269
               +---------+---------+-------+---------+---------+-------+---------
             D |       0 |     486 |   0.0 |       0 |       4 |   0.0 |   269
               +---------+---------+-------+---------+---------+-------+---------
